 Dungeon Crawl Stone Soup version 0.30-a0-371-gad7725a93e (webtiles) character file.

Game seed: 14288504925096849296

24602 themarg the Frost Mage (level 12, -5/106 HPs)
             Began as a White Draconian Conjurer on Nov 21, 2022.
             Was a High Priest of Vehumet.
             Slain by a gargoyle
             ... wielding a +0 mace
              (7 damage)
             ... in a volcano.
             The game lasted 01:10:33 (21996 turns).

themarg the Frost Mage (White Draconian Conjurer)  Turns: 21996, Time: 01:10:34

Health: -5/106     AC: 13    Str: 17    XL:     12   Next: 82%
Magic:  6/24       EV: 13    Int: 22    God:    Vehumet [*****.]
Gold:   1517       SH:  0    Dex: 10    Spells: 5/27 levels left

rFire   . . .      SeeInvis .    e - +2 dagger (drain)
rCold   + . .      Faith    .    (no shield)
rNeg    + . .      Spirit   .    (body armour unavailable)
rPois   .          Reflect  .    T - +2 hat
rElec   .          Harm     .    n - +0 cloak
rCorr   .          Rampage  .    F - +0 pair of gloves
Will    .....                    K - +0 pair of boots
Stlth   ++........               (no amulet)
HPRegen 0.37/turn                l - ring of positive energy
MPRegen 0.19/turn                O - +6 ring of strength

@: short of breath, very slightly contaminated
A: breathe frost, AC +8, unfitting armour, cold resistance 1, cold-blooded
a: Breathe Frost, Renounce Religion


You were in a volcano.
You worshipped Vehumet.
Vehumet was extremely pleased with you.
You visited 3 branches of the dungeon, and saw 14 of its levels.
You also visited: Volcano.

You collected 1517 gold pieces.

Inventory:

Hand Weapons
 e - a +2 dagger of draining (weapon)
 w - a +2 dagger of venom
Missiles
 g - 148 stones
 j - 6 boomerangs
 k - 5 atropa-tipped darts
 y - 39 poisoned darts
 P - 3 curare-tipped darts
 S - 4 silver boomerangs
Armour
 n - a +0 cloak (worn)
 F - a +0 pair of gloves (worn)
 K - a +0 pair of boots (worn)
 T - a +2 hat (worn)
Jewellery
 f - a ring of ice
 l - a ring of positive energy (left hand)
 o - a ring of protection from cold
 t - an amulet of guardian spirit
 O - a +6 ring of strength (right hand)
Wands
 c - a wand of quicksilver (7)
 u - a wand of flame (2)
 I - a wand of mindburst (11)
 J - a wand of paralysis (10)
 Q - a wand of polymorph (3)
Scrolls
 d - a scroll of brand weapon {unknown}
 h - 2 scrolls of immolation
 q - 2 scrolls of fear {unknown}
 s - 2 scrolls of poison {unknown}
 A - 2 scrolls of magic mapping
 B - 3 scrolls of teleportation {unknown}
 D - a scroll of silence {unknown}
 E - 3 scrolls of vulnerability {unknown}
 G - a scroll of summoning {unknown}
 H - 2 scrolls of noise {unknown}
 N - 2 scrolls of torment {unknown}
 U - 3 scrolls of fog {unknown}
 V - a scroll of enchant armour {unknown}
Potions
 b - 5 potions of curing
 i - 2 potions of attraction
 m - 5 potions of ambrosia
 p - 6 potions of heal wounds
 r - a potion of resistance
 v - 3 potions of cancellation
 x - 3 potions of brilliance
 z - 7 potions of degeneration
 C - 4 potions of mutation
 L - 2 potions of flight
 M - a potion of might {unknown}
 R - 3 potions of lignification {unknown}
 W - a potion of berserk rage {unknown}


   Skills:
 - Level 10.0 Fighting
 - Level 5.0 Dodging
 - Level 3.0 Stealth
 - Level 8.0 Spellcasting
 + Level 11.5 Conjurations
 - Level 3.0 Hexes
 - Level 3.0 Translocations
 + Level 13.7 Ice Magic
 - Level 5.0 Air Magic


You had 5 spell levels left.
You knew the following spells:

 Your Spells              Type           Power      Damage    Failure   Level
a - Magic Dart            Conj           100%       1d8       1%          1
b - Searing Ray           Conj           100%       2d8       1%          2
c - Ozocubu's Armour      Ice            62%        N/A       1%          3
d - Iskenderun's Mystic   Conj/Tloc      40%        2d9       1%          4
e - Lightning Bolt        Conj/Air       22%        1d38      1%          5
f - Ozocubu's Refrigerat  Ice            31%        4d14      6%          7

Your spell library contained the following spells:

 Spells                   Type           Power      Damage    Failure   Level
 Olgreb's Toxic Radiance  Pois           8%         N/A       19%         4
 Kiss of Death            Conj/Necr      100%       2d13      1%          1
 Momentum Strike          Conj/Tloc      80%        3d10      1%          2
 Dazzling Flash           Conj/Hex       80%        N/A       1%          3
 Fulminant Prism          Conj/Hex       20%        3d12      1%          4
 Blink                    Tloc           44%        N/A       3%          2
 Confusing Touch          Hex            22%        N/A       6%          3
 Lesser Beckoning         Tloc           44%        N/A       6%          3
 Tukima's Dance           Hex            22%        N/A       6%          3
 Manifold Assault         Tloc           22%        N/A       22%         4
 Passage of Golubria      Tloc           22%        N/A       22%         4
 Yara's Violent Unravell  Hex/Tmut       7%         3d5       28%         5
 Dispel Undead            Necr           8%         3d8       58%         4
 Dispersal                Tloc           11%        N/A       97%         6
 Disjunction              Tloc           11%        N/A       100%        8


Dungeon Overview and Level Annotations

Branches:
Dungeon (11/15)            Temple (1/1) D:5            Lair (2/5) D:8
  Swamp (0/4) Lair:2          Orc (0/2) D:9         Volcano (1/1)
  Snake: Lair:2-3    Spider: Lair:2-3

Altars:
Ashenzari
Cheibriados
Dithmenos
Elyvilon
Fedhas
Gozag
Hepliaklqana
Kikubaaqudgha
Makhleb
Nemelex Xobeh
Okawaru
Qazlal
Ru
Sif Muna
Trog
Uskayaw
Vehumet
Wu Jian
Xom
Yredelemnul
Zin
The Shining One

Shops:
D:3 *   D:5 ([=(=

Annotations:
D:8 3 runed translucent doors
D:9 1 transporter


Innate Abilities, Weirdness & Mutations

You can breathe waves of freezing cold which knock back foes.
Your icy white scales are hard. (AC +8)
You cannot fit into any form of body armour.
Your flesh is cold resistant. (rC+)
You are cold-blooded and may be slowed by cold attacks.


Message History

The harpy skeleton claws you!
* * * LOW HITPOINT WARNING * * *
The harpy skeleton claws you but does no damage. x4
The flying skull hits you but does no damage.
The harpy skeleton misses you. x2
Casting: Iskenderun's Mystic Blast (mildly dangerous; 1% risk of failure)
Confirm with . or Enter, or press ? or * to list all spells.
You miscast Ozocubu's Refrigeration.
You are very lightly contaminated with residual magic.
Nothing appears to happen.
The flying skull hits you.
* * * LOW HITPOINT WARNING * * *
The harpy skeleton barely misses you. The harpy skeleton claws you.
* * * LOW HITPOINT WARNING * * *
The harpy skeleton claws you.
* * * LOW HITPOINT WARNING * * *
The harpy skeleton claws you but does no damage.
The flying skull hits you.
* * * LOW HITPOINT WARNING * * *
A troll skeleton comes into view.
Casting: Ozocubu's Refrigeration (dangerous; 6% risk of failure)
Confirm with . or Enter, or press ? or * to list all spells.
The heat is drained from your surroundings.
The flying skull resists.
The flying skull is heavily damaged.
The spriggan skeleton resists.
The spriggan skeleton is lightly damaged.
The gargoyle is heavily damaged.
The harpy skeleton resists.
The harpy skeleton is moderately damaged.
The gargoyle is heavily damaged.
The harpy skeleton resists.
The harpy skeleton is moderately damaged.
The troll skeleton resists.
The troll skeleton is lightly damaged.
The gargoyle is lightly damaged.
The harpy skeleton claws you but does no damage.
The harpy skeleton barely misses you. The flying skull barely misses you.
The harpy skeleton barely misses you. The harpy skeleton claws you.
* * * LOW HITPOINT WARNING * * *
The gargoyle hits you with a +0 mace!
You die...

##≈≈§ #≈§≈§§§ # ##≈§§§§≈§≈
#.# ##≈≈§≈≈≈≈≈≈ .Z.
###..§≈≈§≈≈≈≈§§≈≈ ..
##.#...≈≈≈§§≈≈≈§≈≈§≈
.#..#.###.≈.....§≈§§≈≈§§≈§§≈
....Z.99..9...≈≈§§§§≈§≈≈≈§≈§
.#..#.###Zz@.....≈≈§≈≈§≈≈≈§§
.. ##Z#.......§≈≈≈≈§≈§≈ ...
####......§...§≈≈≈≈ ##.
####.........§≈≈ #
###.......... ##.........
###...###. ###..... #####.


You could see 3 gargoyles, a flying skull, 2 harpy skeletons and a troll
skeleton.

Vanquished Creatures
  A hydra (Lair:2)
  Erolcha (D:9)
  2 two-headed ogres
  Amaemon (Lair:2)
  3 elephants (Lair:2)
  2 black mambas (Lair:1)
  An orange demon (Lair:2)
  Maggie (D:7)
  5 cane toads (Lair:1)
  3 unseen horrors
  3 rime drakes
  2 komodo dragons (Lair:1)
  2 kobold demonologists
  4 trolls
  A hornet (D:10)
  Grinder (D:6)
  12 blink frogs
  A flying skull (Volcano)
  2 shadows
  6 yaks (Lair:1)
  4 wraiths
  A wyvern (Lair:2)
  A basilisk (Lair:1)
  3 fire bats (Lair:2)
  2 steam dragons
  4 vampire mosquitoes (D:10)
  Duvessa (D:7)
  10 water moccasins
  3 sky beasts
  5 ice beasts
  2 black bears
  8 orc warriors
  A wolf (D:8)
  2 centaurs
  3 ogres
  10 kobold brigands
  11 bullfrogs
  6 gnoll sergeants
  2 necrophages (D:7)
  A scorpion (D:6)
  19 wights
  Dowan (D:7)
  22 killer bees
  2 howler monkeys (D:11)
  7 crimson imps (D:11)
  5 hounds
  5 jellies
  An orc priest (D:9)
  2 iguanas (D:7)
  Terence (D:3)
  11 orc wizards
  8 gnolls
  9 adders
  A shadow imp (D:11)
  5 white imps
  2 ufetubi
  3 worms
  A dart slug (D:4)
  34 orcs
  3 ball pythons
  9 endoplasms
  3 giant cockroaches
  12 goblins
  14 hobgoblins
  4 quokkas
  7 bats
  2 frilled lizards (D:2)
  35 kobolds
  10 rats
372 creatures vanquished.

Vanquished Creatures (others)
  12 fungi
  23 plants
35 creatures vanquished.

Grand Total: 407 creatures vanquished

Notes
Turn   | Place    | Note
-------+----------+-------------------------------------------
     0 | D:1      | themarg the Draconian Conjurer began the quest for the Orb.
     0 | D:1      | Reached XP level 1. HP: 14/14 MP: 3/3
   348 | D:1      | Reached XP level 2. HP: 20/20 MP: 3/5
   351 | D:1      | Learned a level 2 spell: Searing Ray
  1201 | D:2      | Reached XP level 3. HP: 26/26 MP: 0/7
  2315 | D:2      | Found a burning altar of Makhleb.
  2386 | D:2      | Reached XP level 4. HP: 33/33 MP: 0/8
  2979 | D:3      | Noticed Terence
  3015 | D:3      | Killed Terence
  3016 | D:3      | Reached skill level 5 in Conjurations
  3016 | D:3      | Reached XP level 5. HP: 35/38 MP: 1/10
  3391 | D:3      | Found Avirraag's Assorted Antiques.
  3533 | D:3      | Found a burning altar of Makhleb.
  3815 | D:3      | Found a faded altar of an unknown god.
  4340 | D:4      | Found an iron altar of Okawaru.
  4646 | D:4      | Reached XP level 6. HP: 45/45 MP: 7/11
  5144 | D:5      | Entered Level 5 of the Dungeon
  5152 | D:5      | Found Tineugeg's Jewellery Shoppe.
  5155 | D:5      | Noticed a water moccasin
  5169 | D:5      | Killed a water moccasin
  5265 | D:5      | Found Zeedd's Antique Armour Boutique.
  5280 | D:5      | Noticed an ice beast
  5288 | D:5      | Killed an ice beast
  5363 | D:5      | Found Zoucrece's Weapon Emporium.
  5450 | D:5      | Your scales start taking on an icy white colour.
  5450 | D:5      | Reached XP level 7. HP: 50/50 MP: 7/13
  5450 | D:5      | Gained mutation: Your flesh is cold resistant. (rC+) [White
                  | Draconian growth]
  5660 | D:5      | Found a staircase to the Ecumenical Temple.
  5666 | Temple   | Entered the Ecumenical Temple
  5854 | Temple   | Became a worshipper of Vehumet
  5934 | D:5      | Found Pataoc's Antique Weapon Boutique.
  6100 | D:5      | Reached skill level 1 in Ice Magic
  6304 | D:5      | Found a sparkling altar of Nemelex Xobeh.
  6305 | D:5      | Found a sacrificial altar of Ru.
  6371 | D:5      | Found Saveheah's Jewellery Boutique.
  6605 | D:6      | Reached skill level 1 in Translocations
  7024 | D:6      | Reached skill level 2 in Ice Magic
  7298 | D:6      | Reached skill level 5 in Spellcasting
  7298 | D:6      | Reached XP level 8. HP: 57/57 MP: 8/15
  7565 | D:6      | Noticed Grinder
  7570 | D:6      | Reached skill level 3 in Ice Magic
  7574 | D:6      | Killed Grinder
  7891 | D:6      | Reached * piety under Vehumet
  7891 | D:6      | Offered knowledge of Sandblast by Vehumet.
  8403 | D:6      | Reached skill level 4 in Ice Magic
  8490 | D:6      | Learned a level 3 spell: Ozocubu's Armour
  8854 | D:7      | Reached skill level 5 in Ice Magic
  9109 | D:7      | Learned a level 4 spell: Iskenderun's Mystic Blast
  9180 | D:7      | Noticed Duvessa
  9185 | D:7      | Noticed Dowan
  9190 | D:7      | Killed Duvessa
  9191 | D:7      | Reached XP level 9. HP: 62/62 MP: 6/16
  9276 | D:7      | Killed Dowan
  9527 | D:7      | Reached skill level 10 in Conjurations
  9534 | D:7      | Reached skill level 1 in Fighting
  9742 | D:7      | Reached ** piety under Vehumet
  9742 | D:7      | Offered knowledge of Poisonous Vapours by Vehumet.
  9822 | D:7      | Reached skill level 6 in Ice Magic
 10263 | D:7      | Reached skill level 7 in Ice Magic
 10534 | D:7      | Reached skill level 5 in Fighting
 10614 | D:7      | Reached skill level 8 in Ice Magic
 10967 | D:7      | Noticed Maggie
 10990 | D:7      | Killed Maggie
 10991 | D:7      | Reached XP level 10. HP: 42/83 MP: 0/17
 11526 | D:8      | Reached skill level 1 in Hexes
 11556 | D:8      | Found a runed translucent gate.
 11557 | D:8      | Found a runed translucent gate.
 11654 | D:8      | Offered knowledge of Ignite Poison by Vehumet.
 11821 | D:8      | Found a runed translucent gate.
 11821 | D:8      | Noticed a red ugly thing
 11821 | D:8      | Noticed a white ugly thing
 11822 | D:8      | Noticed a green ugly thing
 11824 | D:8      | Noticed a green ugly thing
 11881 | D:8      | Found a staircase to the Lair.
 11905 | D:8      | Reached *** piety under Vehumet
 11906 | D:8      | Reached skill level 9 in Ice Magic
 12828 | D:9      | Noticed Erolcha
 12840 | D:9      | Killed Erolcha
 12841 | D:9      | Reached skill level 10 in Ice Magic
 12852 | D:9      | Found a transporter.
 12853 | D:9      | Found a transporter.
 12856 | D:9      | Found a transporter.
 12958 | D:9      | Offered knowledge of Airstrike by Vehumet.
 13899 | D:9      | Found a transporter.
 14393 | D:9      | Reached **** piety under Vehumet
 14394 | D:9      | Reached XP level 11. HP: 54/94 MP: 0/19
 14514 | D:9      | Found an opulent altar of Gozag.
 14644 | D:9      | Offered knowledge of Lightning Bolt by Vehumet.
 14677 | D:9      | HP: 4/95 [gnoll sergeant/+3 trident of freezing (6)]
 14687 | D:9      | HP: 2/95 [kobold brigand/+0 short sword (5)]
 15136 | D:9      | Found a staircase to the Orcish Mines.
 15231 | D:8      | Learned a level 5 spell: Lightning Bolt
 16089 | D:10     | Entered Level 10 of the Dungeon
 16135 | D:10     | Noticed a sixfirhy
 16143 | D:9      | Reached skill level 1 in Air Magic
 16285 | D:10     | Reached skill level 11 in Ice Magic
 16395 | D:10     | Noticed a two-headed ogre
 16882 | D:10     | Killed a two-headed ogre
 17281 | D:10     | Paralysed by a hornet for 3 turns
 17895 | D:10     | Learned a level 7 spell: Ozocubu's Refrigeration
 17923 | D:11     | Noticed a two-headed ogre
 17937 | D:11     | Killed a two-headed ogre
 18875 | D:11     | Reached skill level 5 in Dodging
 19277 | Lair:1   | Entered Level 1 of the Lair of Beasts
 19528 | Lair:1   | Reached XP level 12. HP: 35/106 MP: 3/22
 19530 | Lair:1   | Reached skill level 12 in Ice Magic
 19536 | Lair:1   | Reached skill level 10 in Fighting
 19756 | Lair:1   | Reached skill level 5 in Air Magic
 21256 | Lair:2   | Noticed a six-headed hydra
 21260 | Lair:2   | Killed a six-headed hydra
 21369 | Lair:2   | Noticed Amaemon
 21379 | Lair:2   | Killed Amaemon
 21504 | Lair:2   | Noticed a seven-headed hydra
 21525 | Lair:1   | Reached ***** piety under Vehumet
 21525 | Lair:1   | Offered knowledge of Olgreb's Toxic Radiance by Vehumet.
 21526 | Lair:1   | Reached skill level 13 in Ice Magic
 21922 | Lair:2   | Found a dark tunnel.
 21931 | Volcano  | Entered a volcano
 21996 | Volcano  | HP: 2/106 [harpy skeleton (5)]
 21996 | Volcano  | Slain by a gargoyle

Illustrated notes

Levels and vault maps discovered:
D:1:      dpeg_arrival_refuge, layout_basic
D:2:      layout_loops_corners, basic_altar, minmay_distorted
D:3:      layout_basic, lemuel_coloured_pillars_altar, serial_shops, shop,
          chequers_ecumenical_altar_twisty, uniq_terence
D:4:      layout_basic, okawaru_gym_becter, nicolae_kite_square_tiling_tiny,
          kennysheep_path_1
D:5:      layout_basic, minitemple, minmay_temple_entry_enclosed_plants,
          serial_shops, shop, nicolae_stop_n_shop_1, nicolae_shop_hallway_plus,
          shop, nicolae_shop_bloodbath_and_beyond
D:6:      corexii_shantytown, layout_basic, uniq_grinder
D:7:      minmay_polygon_palace, layout_basic, eino_tiny_chamber,
          chequers_arboretum, uniq_maggie, uniq_duvessa
D:8:      layout_gridville, hellmonk_lair_entry_icy,
          ploomutoo_gammafunk_ghost_potion_laboratory
D:9:      minmay_weird_star, layout_basic, mainiacjoe_overflow_small_starburst,
          kennysheep_orc_monster_closet_entryway, nicolae_diode_quadrants,
          uniq_erolcha
D:10:     layout_irregular_city
D:11:     layout_roguey, hangedman_decor_growths, minmay_nine_imps
Temple:   minmay_crystal_spiral_temple
Lair:1:   layout_chaotic_city, infiniplex_staircase_pool_2, grunt_megastairs_3
Lair:2:   layout_hall_layers, minmay_swamp_entry_reptiles,
          nicolae_volcano_entry_batcave, hibernation_bobbens, uniq_amaemon
Volcano:  volcano_tomb [vts_chambers]

Skill      XL: |  1  2  3  4  5  6  7  8  9 10 11 12 |
---------------+-------------------------------------+-----
Stealth        | 2 3 |  3.0
Spellcasting   | 3 4 5 7 8 |  8.0
Conjurations   | 5 6 7 9 10 11 | 11.5
Ice Magic      | 2 5 8 10 11 13 | 13.7
Translocations | 2 3 |  3.0
Fighting       | 6 8 9 10 | 10.0
Hexes          | 3 |  3.0
Dodging        | 3 5 |  5.0
Air Magic      | 4 5 |  5.0

Action                   |  1- 3 |  4- 6 |  7- 9 | 10-12 || total
-------------------------+-------+-------+-------+-------++-------
Melee: Unarmed           |     8 |       |       |       ||     8
       Dagger            |     5 |    11 |    27 |   257 ||   300
       Tailslap          |     2 |       |     2 |    34 ||    38
       Punch             |       |       |       |     8 ||     8
 Cast: Magic Dart        |    66 |    46 |    41 |    63 ||   216
       Searing Ray       |     9 |    25 |    82 |   111 ||   227
       Ozocubu's Armour  |       |       |    16 |    29 ||    45
       Iskenderun's Myst |       |       |       |    56 ||    56
       Lightning Bolt    |       |       |       |    30 ||    30
       Ozocubu's Refrige |       |       |       |    44 ||    44
 Abil: Breathe Frost     |       |       |     1 |    12 ||    13
Evoke: Wand              |       |       |     3 |    16 ||    19
  Use: Scroll            |       |     3 |     4 |     6 ||    13
       Potion            |       |       |       |     6 ||     6
Armor: Skin              |     3 |     5 |    42 |   265 ||   315
Dodge: Dodged            |     3 |    11 |    83 |   272 ||   369

Table legend: (Time is in decaauts)
 A = Elapsed time spent in this place.
 B = Non-inter-level travel time spent in this place.
 C = Inter-level travel time spent in this place.
 D = Time resting spent in this place.
 E = Time spent auto-exploring this place.
 F = Levels seen in this place.
 G = Mean time per level.
                   A        B        C        D        E       F      G
               +--------+--------+--------+--------+--------+-----+--------+
         Total |  22060 |  21368 |    692 |   3772 |  14873 |  15 | 1470.7 |
       Dungeon |  19124 |  18577 |    547 |   3046 |  13173 |  11 | 1738.5 |
        Temple |    213 |    129 |     84 |      0 |    111 |   1 |  213.0 |
          Lair |   2656 |   2596 |     60 |    726 |   1588 |   2 | 1328.0 |
       Volcano |     64 |     64 |      0 |      0 |      0 |   1 |   64.0 |
               +--------+--------+--------+--------+--------+-----+--------+

Top non-repeatable levels by time:
     D:9: 3659 daAuts
     D:7: 3087 daAuts
  Lair:1: 2328 daAuts
     D:6: 1935 daAuts
     D:2: 1600 daAuts
     D:3: 1577 daAuts
    D:10: 1569 daAuts
    D:11: 1254 daAuts
     D:8: 1246 daAuts
     D:5: 1225 daAuts
     D:1: 1132 daAuts
     D:4: 835 daAuts
  Lair:2: 328 daAuts
  Temple: 213 daAuts
 Volcano: 64 daAuts
